Map: Dead of Night

Players

Alebay

  • Race: Protoss Protoss
  • Spawn Location: 0:00

MattBarry

  • Race: Protoss Protoss
  • League: Gold
  • Spawn Location: 0:00

VOD

Have the link to the VOD?

Description

Time

  • Played on: Jan. 27, 2023, 4:09 p.m.
  • Length: 16:22
Show
View Real Time Build Order
Export as new Build Order

Alebay Protoss 

Build Orders:  

Get SALT Encoding   

  12  0:02  Probe (Chrono Boost)  
  13  0:15  Probe (Chrono Boost)  
  14  0:28  Probe (Chrono Boost)  
  15  0:33  Pylon  
  15  0:41  Probe (Chrono Boost)  
  16  0:54  Probe (Chrono Boost)  
  17  1:01  Gateway  
  17  1:03  Forge  
  17  1:07  Probe (Chrono Boost)  
  18  1:20  Probe (Chrono Boost)  
  18  1:22  Pylon  
  19  1:32  Assimilator  
  19  1:33  Probe (Chrono Boost)  
  20  1:46  Probe (Chrono Boost)  
  21  1:59  Probe (Chrono Boost)  
  21  2:06  Legionnaire  
  25  2:10  Kaldalis' A.I. Personality  
  25  2:12  Probe (Chrono Boost)  
  26  2:25  Probe (Chrono Boost)  
  26  2:28  Pylon  
  27  2:34  Assimilator  
  27  2:36  Legionnaire  
  27  2:38  Probe (Chrono Boost)  
  31  2:50  Pylon  
  31  2:51  Probe (Chrono Boost)  
  32  3:04  Probe (Chrono Boost)  
  32  3:09  Legionnaire  
  36  3:13  Cybernetics Core  
  36  3:17  Probe (Chrono Boost)  
  37  3:28  Purifier Armaments  
  37  3:30  Probe (Chrono Boost)  
  37  3:35  Twilight Council  
  37  3:38  Assimilator  
  38  3:41  Legionnaire  
  38  3:46  Probe (Chrono Boost)  
  43  4:03  Warp Gate, Probe (Chrono Boost)  
  44  4:20  Probe (Chrono Boost)  
  44  4:28  Charge  
  44  4:29  Protoss Ground Weapons Level 1  
  44  4:30  Talis' A.I. Personality  
  44  4:32  Adept  
  44  4:37  Probe (Chrono Boost)  
  47  4:50  Probe (Chrono Boost)  
  48  5:03  Probe (Chrono Boost)  
  49  5:12  Pylon  
  49  5:14  Pylon  
  49  5:16  Pylon, Probe (Chrono Boost)  
  49  5:19  Pylon  
  50  5:28  Psionic Projection  
  50  5:35  Probe (Chrono Boost)  
  51  5:44  Pylon  
  51  5:46  Pylon  
  51  5:49  Adept, Pylon  
  54  5:51  Pylon  
  54  5:52  Probe (Chrono Boost)  
  54  6:02  Gateway  
  54  6:05  Gateway  
  54  6:07  Gateway  
  54  6:09  Gateway, Probe (Chrono Boost)  
  55  6:20  Adept  
  55  6:28  Empowered Blades  
  57  6:32  Protoss Ground Armor Level 1  
  57  6:48  Gateway  
  57  6:50  Gateway  
  57  6:52  Gateway  
  57  6:55  Adept, Gateway  
  59  7:23  Adept x3  
  59  7:26  Adept x2  
  59  7:28  Debilitation System  
  69  7:51  Adept  
  69  7:52  Adept x4  
  79  8:10  Adept x3  
  85  8:20  Adept x2  
  89  8:35  Adept x3  
  95  8:47  Adept x2  
  96  8:58  Observation Protocol  
  93  9:13  Protoss Ground Weapons Level 2  
  93  9:53  Adept x4  
  93  9:54  Adept x3  
  107  10:22  Pylon  
  107  10:24  Pylon  
  107  10:26  Pylon  
  107  10:27  Pylon  
  107  10:30  Pylon  
  107  10:43  Legionnaire x2  
  107  10:49  Legionnaire  
  113  10:50  Legionnaire  
  116  11:14  Legionnaire x3  
  125  11:39  Protoss Ground Armor Level 2  
  125  12:01  Adept x4  
  125  12:02  Adept x2  
  137  12:28  Legionnaire x3  
  146  13:35  Pylon  
  146  13:37  Pylon  
  146  13:39  Pylon x2  
  146  13:40  Pylon  
  146  13:53  Adept x3  
  146  13:54  Adept  
  154  14:26  Legionnaire x2  
  154  14:27  Legionnaire x5  
  172  14:56  Adept x5  
  182  15:07  Adept  
  182  15:08  Adept  
  186  15:44  Adept x4  
Show
View Real Time Build Order
Export as new Build Order

MattBarry Protoss 

Build Orders:  

Get SALT Encoding   

  12  0:04  Probe (Chrono Boost)  
  13  0:19  Pylon  
  13  0:32  Probe (Chrono Boost)  
  14  0:46  Probe (Chrono Boost)  
  15  0:59  Probe (Chrono Boost)  
  16  1:01  Gateway  
  16  1:13  Probe (Chrono Boost)  
  16  1:14  Assimilator  
  17  1:27  Probe (Chrono Boost)  
  18  1:41  Probe (Chrono Boost)  
  19  1:55  Probe (Chrono Boost)  
  19  1:59  Pylon  
  20  2:07  Cybernetics Core  
  20  2:09  Probe (Chrono Boost)  
  21  2:14  Forge  
  21  2:23  Probe (Chrono Boost)  
  21  2:28  Forge  
  22  2:37  Probe (Chrono Boost)  
  23  2:49  Supplicant x2  
  27  2:50  Probe (Chrono Boost)  
  27  2:58  Warp Gate  
  28  3:04  Probe (Chrono Boost)  
  29  3:11  Pylon  
  29  3:20  Gateway  
  29  3:31  Gateway  
  29  3:36  Probe (Chrono Boost)  
  29  3:38  Supplicant x2  
  34  3:56  Photon Cannon  
  34  4:09  Probe (Chrono Boost)  
  35  4:19  Slayer  
  37  4:22  Probe (Chrono Boost)  
  37  4:28  Assimilator  
  38  4:34  Assimilator  
  38  4:36  Probe (Chrono Boost)  
  39  4:44  Pylon  
  39  4:51  Pylon  
  39  4:57  Protoss Air Weapons Level 1, Protoss Ground Weapons Level 1  
  39  4:59  Death Council  
  40  5:13  Pylon, Probe (Chrono Boost)  
  40  5:17  Protoss Shields Level 1  
  40  5:28  Probe (Chrono Boost)  
  41  5:42  Probe (Chrono Boost)  
  42  5:53  Pylon  
  42  5:56  Pylon, Probe (Chrono Boost)  
  43  6:00  Blood Shields  
  43  6:08  Robotics Facility  
  44  6:13  Probe (Chrono Boost)  
  44  6:29  Probe (Chrono Boost)  
  45  6:30  Havoc  
  45  6:31  Slayer  
  45  6:39  Slayer  
  50  6:46  Probe (Chrono Boost)  
  51  7:03  Probe (Chrono Boost)  
  51  7:07  Bloodshard Resonance  
  52  7:15  Soul Augmentation  
  53  7:20  Probe (Chrono Boost)  
  53  7:37  Probe (Chrono Boost)  
  54  7:48  Supplicant x2  
  54  7:49  Supplicant x2  
  60  7:54  Probe (Chrono Boost)  
  60  7:59  Nexus  
  58  9:00  Robotics Bay  
  58  9:10  Robotics Facility  
  58  9:11  Robotics Facility  
  58  9:14  Robotics Facility  
  58  9:18  Robotics Facility  
  58  9:40  Pylon  
  58  9:47  Protoss Air Weapons Level 2, Protoss Ground Weapons Level 2  
  58  9:48  Pylon  
  58  10:08  Protoss Shields Level 2  
  58  10:14  Probe (Chrono Boost)  
  60  10:30  Gateway  
  60  10:31  Probe (Chrono Boost)  
  60  10:36  Gateway  
  60  10:37  Gateway  
  60  10:39  Gateway  
  60  10:43  Gateway  
  60  10:46  Gateway  
  60  10:48  Gateway, Probe (Chrono Boost)  
  61  10:51  Wraithwalker  
  67  11:05  Probe (Chrono Boost)  
  68  11:16  Cloaking Module  
  68  11:17  Rapid Power Cycling  
  69  11:22  Probe (Chrono Boost)  
  69  11:51  Warp Prism  
  69  11:52  Warp Prism  
  73  12:01  Supplicant x6  
  73  12:06  Aerial Tracking  
  85  12:11  Havoc  
  85  12:12  Havoc  
  87  13:08  Wraithwalker  
  87  13:14  Wraithwalker  
  87  13:30  Supplicant x4  
  103  13:34  Slayer  
  109  14:01  Pylon  
  109  14:06  Pylon  
  109  14:07  Pylon  
  109  14:10  Pylon  
  109  14:11  Pylon  
  109  14:13  Pylon  
  109  14:27  Supplicant x4  
  117  14:38  Wraithwalker  
  117  14:52  Wraithwalker  
  137  15:46  Slayer x4  
  137  15:48  Supplicant x2  
Tags
 
Commander
AlarakFenix
League
Gold
Matchup
Co-op
Replay Pack
Multiplayer
Add a new tag
Caveats
  • Supply blocks, unpowered buildings, or Contaminate may cause inaccurate times.
  • Supply counts are checked every 10 seconds.